Map: [ESL] Pride of Altaris

Players

Cure - Winner!

  • Race: Terran Terran

Neeb

  • Race: Protoss Protoss

Event: IEM Katowice 2022

VOD

Have the link to the VOD?

Description

Time

  • Played on: Feb. 24, 2022, 6:33 a.m.
  • Length: 7:32

All games in this series

Show
View Real Time Build Order
Export as new Build Order

Cure Terran - Winner!

Build Orders:  

Get SALT Encoding   

  12  0:00  SCV  
  13  0:12  SCV  
  14  0:17  Supply Depot  
  14  0:24  SCV  
  15  0:39  SCV  
  15  0:40  Barracks  
  15  0:42  Refinery  
  16  0:51  SCV  
  17  0:57  Barracks  
  17  1:03  SCV  
  18  1:11  Supply Depot  
  18  1:15  SCV  
  19  1:27  Reaper  
  19  1:30  Orbital Command  
  20  1:44  Reaper  
  21  1:56  SCV  
  22  2:01  Reaper  
  22  2:08  SCV  
  24  2:10  Command Center  
  24  2:19  Barracks Reactor  
  24  2:20  SCV  
  25  2:24  Barracks  
  25  2:32  SCV  
  25  2:35  Refinery  
  26  2:38  Barracks Tech Lab  
  26  2:44  SCV  
  26  2:45  Supply Depot  
  27  2:56  SCV, Marine x2  
  27  2:57  Marine  
  31  3:03  Stimpack  
  31  3:08  SCV  
  31  3:11  Barracks Tech Lab  
  32  3:14  Marine x3  
  35  3:21  SCV  
  35  3:28  Orbital Command  
  35  3:31  Marine  
  35  3:32  Bunker, Marine x2  
  35  3:34  Marine  
  37  3:38  Combat Shield  
  38  3:41  SCV  
  38  3:46  Supply Depot  
  39  3:51  Marauder  
  39  3:52  Marine, Marauder  
  39  3:54  Marine  
  45  3:56  SCV  
  45  3:59  SCV  
  47  4:08  SCV  
  47  4:09  Supply Depot  
  48  4:11  SCV  
  48  4:15  Marauder x2  
  48  4:17  Marine x2  
  53  4:22  SCV  
  53  4:23  SCV  
  56  4:31  Supply Depot  
  56  4:34  SCV  
  56  4:35  SCV, Bunker  
  56  4:38  Factory  
  58  4:43  Marauder x2  
  58  4:45  Marine x2  
  64  4:48  SCV x2  
  66  4:53  Supply Depot  
  66  4:57  Engineering Bay  
  66  5:01  SCV x2  
  66  5:06  Marine x4  
  72  5:13  SCV x2  
  74  5:18  Supply Depot  
  74  5:23  Starport, Factory Reactor  
  74  5:26  Terran Infantry Weapons Level 1  
  74  5:28  Missile Turret  
  74  5:30  Marauder  
  74  5:33  Marauder  
  74  5:34  Marine x2  
  80  5:42  SCV x2  
  71  5:53  Marine x2, Marauder  
  71  5:54  Marauder  
  66  5:57  SCV x2  
  66  5:59  Bunker, Refinery  
  68  6:07  Factory Reactor, Medivac x2  
  68  6:11  Refinery, Marine x2  
  73  6:15  Marauder  
  73  6:18  Concussive Shells  
  76  6:19  Barracks  
  76  6:20  Barracks  
  76  6:22  SCV x2  
  78  6:27  Marauder  
  78  6:29  Marine x2  
  82  6:36  Marauder  
  82  6:37  SCV x2  
  86  6:43  Medivac  
  88  6:48  Supply Depot x2  
  88  6:49  Marine x2, Marauder  
  92  6:57  Marauder  
  94  7:04  Supply Depot  
  94  7:05  Supply Depot  
  94  7:09  Widow Mine x2  
  94  7:11  Barracks Tech Lab  
  94  7:14  Missile Turret  
  94  7:15  Barracks Reactor  
  106  7:26  Supply Depot  
Show
View Real Time Build Order
Export as new Build Order

Neeb Protoss 

Build Orders: 1 Gate Expand, Blink Stalkers 

Get SALT Encoding   

  12  0:00  Probe  
  13  0:12  Probe  
  14  0:17  Pylon  
  14  0:24  Probe (Chrono Boost)  
  15  0:36  Probe (Chrono Boost)  
  15  0:37  Gateway  
  16  0:45  Probe (Chrono Boost), Assimilator  
  17  0:50  Probe  
  18  1:03  Probe  
  19  1:15  Probe  
  20  1:23  Cybernetics Core  
  20  1:31  Nexus  
  20  1:34  Probe  
  21  1:41  Pylon  
  21  1:46  Probe  
  22  1:49  Assimilator  
  22  1:58  Probe, Adept (Chrono Boost)  
  23  2:05  Shield Battery  
  25  2:10  Probe  
  25  2:12  Warp Gate  
  26  2:20  Stalker (Chrono Boost)  
  27  2:22  Probe  
  29  2:34  Probe  
  30  2:41  Twilight Council  
  30  2:47  Probe  
  31  2:52  Stalker (Chrono Boost)  
  31  2:57  Shield Battery  
  31  2:59  Probe  
  31  3:01  Probe  
  33  3:11  Probe  
  34  3:13  Probe  
  34  3:19  Stalker (Chrono Boost)  
  34  3:24  Probe  
  34  3:27  Probe  
  34  3:36  Probe  
  34  3:40  Blink (Chrono Boost), Probe (Chrono Boost)  
  34  3:41  Gateway  
  36  3:42  Gateway  
  36  3:48  Probe (Chrono Boost)  
  38  3:55  Pylon  
  38  3:57  Probe x2 (Chrono Boost)  
  38  4:02  Probe (Chrono Boost)  
  39  4:03  Probe  
  39  4:09  Robotics Facility  
  41  4:10  Assimilator  
  41  4:14  Probe  
  41  4:15  Probe  
  41  4:16  Stalker  
  45  4:24  Assimilator  
  45  4:26  Probe  
  45  4:27  Probe  
  45  4:28  Pylon  
  47  4:31  Shield Battery  
  47  4:37  Stalker x2  
  51  4:38  Probe  
  51  4:39  Probe  
  51  4:45  Pylon  
  53  4:46  Stalker  
  53  4:50  Probe  
  53  4:51  Probe  
  57  4:56  Immortal  
  61  5:02  Probe  
  61  5:03  Probe  
  61  5:05  Stalker  
  61  5:06  Stalker  
  67  5:09  Stalker  
  67  5:10  Pylon  
  69  5:14  Pylon  
  69  5:25  Robotics Bay  
  69  5:27  Forge  
  69  5:33  Sentry  
  71  5:39  Stalker x2  
  66  5:43  Probe  
  66  5:47  Probe  
  52  5:55  Probe  
  44  5:58  Nexus  
  44  5:59  Probe  
  44  6:03  Observer  
  46  6:07  Probe  
  46  6:11  Probe  
  48  6:19  Probe  
  48  6:23  Colossus (Chrono Boost), Probe  
  50  6:31  Probe (Chrono Boost)  
  57  6:33  Observer  
  57  6:34  Pylon  
  58  6:40  Probe (Chrono Boost)  
  58  6:43  Probe (Chrono Boost)  
  59  6:48  Probe (Chrono Boost)  
  59  6:49  Probe (Chrono Boost)  
  61  6:58  Probe  
  61  6:59  Probe  
  63  7:12  Stalker x3  
  75  7:19  Probe x2  
  78  7:24  Pylon  

Tags
 
Add a new tag
Caveats
  • Supply blocks, unpowered buildings, or Contaminate may cause inaccurate times.
  • Supply counts are checked every 10 seconds.